 Dungeon Crawl Stone Soup version 0.22-a0-406-g9ff8d77 (webtiles) character file.

37542 dstrtnsr the Cleaver (level 13, -3/121 HPs)
             Began as a Deep Dwarf Fighter on May 8, 2018.
             Was a Priest of Makhleb.
             Slain by a dire elephant (22 damage)
             ... on level 6 of the Lair of Beasts.
             The game lasted 00:14:17 (8707 turns).

dstrtnsr the Cleaver (Deep Dwarf Fighter)           Turns: 8707, Time: 00:14:18

Health: -3/121     AC: 18    Str: 22 (25) XL:     13   Next: 59%
Magic:  2/2        EV:  9    Int:  7 (9)  God:    Makhleb [***...]
Gold:   542        SH: 12    Dex: 11 (12) Spells: 12/12 levels left

rFire    . . .     SeeInvis .   B - +2 broad axe (chop)
rCold    . . .     Gourm    .   c - +0 shield
rNeg     . . .     Faith    .   b - +1 scale mail
rPois    .         Spirit   .   (no helmet)
rElec    .         Reflect  .   g - +2 cloak
rCorr    .         Harm     .   G - +0 pair of gloves
MR       +....                  h - +2 pair of boots
Stlth    ..........             (no amulet)
HPRegen  0.00/turn              (no ring)
MPRegen  0.08/turn              (no ring)

@: very slightly contaminated, non-regenerating, invisible
A: damage resistance, heal wounds, sense surroundings 2, no regeneration
a: Heal Wounds, Minor Destruction, Lesser Servant of Makhleb, Renounce Religion


You were on level 6 of the Lair of Beasts.
You worshipped Makhleb.
Makhleb was most pleased with you.
You were not hungry.

You visited 3 branches of the dungeon, and saw 17 of its levels.

You collected 731 gold pieces.
You spent 189 gold pieces at shops.

Inventory:

Hand Weapons
 a - a +2 battleaxe of freezing
 y - a +3 battleaxe
 B - a +2 broad axe of chopping (weapon)
Armour
 b - a +1 scale mail (worn)
 c - a +0 shield (worn)
 g - a +2 cloak (worn)
 h - a +2 pair of boots (worn)
 G - a +0 pair of gloves (worn)
Jewellery
 j - a cursed amulet of inaccuracy {unknown}
 u - a +2 ring of intelligence
Wands
 z - a wand of clouds (7)
 C - a wand of acid (9)
 I - a wand of iceblast (7)
 P - a wand of paralysis (8)
Scrolls
 n - a scroll of enchant armour
 o - 6 scrolls of remove curse {@r2}
 p - 2 scrolls of teleportation {!d}
 r - a scroll of immolation {unknown}
 s - 3 scrolls of identify {@r1}
 w - a scroll of magic mapping
 x - a scroll of fog
 F - a scroll of enchant weapon
 H - 2 scrolls of blinking {unknown}
 J - a scroll of holy word {unknown}
Potions
 f - 2 potions of resistance
 i - a potion of flight {unknown}
 l - a potion of ambrosia
 m - 5 potions of curing {@qq}
 q - a potion of degeneration
 t - a potion of lignification {unknown}
 v - 5 potions of heal wounds
 A - a potion of mutation {unknown}
 D - a potion of magic {unknown}
Comestibles
 e - 33 rations {!d}


   Skills:
 + Level 9.3 Fighting
 * Level 14.2 Axes
 + Level 11.0 Armour
 + Level 10.8 Shields
 * Level 13.4 Invocations


You had 12 spell levels left.
You didn't know any spells.

Dungeon Overview and Level Annotations

Branches:
Dungeon (10/15)            Temple (1/1) D:6            Lair (6/6) D:10
 Shoals (0/4) Lair:4       Spider (0/4) Lair:4        Slime (0/5) Lair:6
    Orc: D:9-12

Altars:
Ashenzari
Cheibriados
Dithmenos
Elyvilon
Fedhas
Gozag
Hepliaklqana
Kikubaaqudgha
Makhleb
Nemelex Xobeh
Okawaru
Qazlal
Ru
Sif Muna
Trog
Uskayaw
Vehumet
Wu Jian
Xom
Yredelemnul
Zin
The Shining One

Shops:
D:7 (

Portals:
Sewer: D:3
Volcano: Lair:5

Annotations:
Lair:3 exclusion: oklob plant
Lair:4 exclusion: downstairs
Lair:5 exclusion: 4 oklob plants
Lair:6 exclusion: oklob plant


Innate Abilities, Weirdness & Mutations

You are resistant to damage.
You can heal yourself by infusing magical energy.
You passively map the area around you.
You do not regenerate.


Message History

The dire elephant is almost dead.
You slash the dire elephant! You slash the plant!
You destroy the plant!
You block the dire elephant's attack. x2
Your ufetubus hits the dire elephant but does no damage. x2
Your ynoxinul hits the dire elephant!
The dire elephant completely misses your ufetubus.
The dire elephant trunk-slaps your ufetubus!
Your ufetubus dies!
Your ufetubus hits the dire elephant but does no damage. x2
The dire elephant tramples you!
You hold your ground!
The dire elephant trunk-slaps you.
You are too injured to fight recklessly!
Unknown command.
You are too injured to fight recklessly!
Unknown command.
Unknown command.
You are too injured to fight recklessly!
Unknown command.
You are too injured to fight recklessly!
It was a potion of degeneration.
There was something very wrong with that liquid.
You feel weakened.
You feel dopey.
You feel clumsy.
Your ufetubus hits the plant but does no damage. x2
The dire elephant tramples you!!
* * * LOW HITPOINT WARNING * * *
You hold your ground!
The dire elephant barely misses you.
Your ynoxinul hits the dire elephant but does no damage.
The dire elephant tramples your ynoxinul!!
Your ynoxinul holds its ground!
The dire elephant trunk-slaps your ynoxinul.
Your ynoxinul dies!
Your ufetubus disappears in a puff of smoke! x5
The dire elephant tramples you!
* * * LOW HITPOINT WARNING * * *
You hold your ground!
The dire elephant trunk-slaps you.
Unknown command.
Okay, then.
You feel much better.
The dire elephant trumpets!
The dire elephant closely misses you. x2
You feel much better. The dire elephant closely misses you.
You block the dire elephant's attack. x2; The dire elephant closely misses you.
As you read the scroll of summoning, it crumbles to dust.
Wisps of shadow whirl around you...
The dire elephant tramples your black mamba!!
Your black mamba holds its ground!
The dire elephant trunk-slaps your black mamba!
Your black mamba dies!
Your black mamba's corpse dissolves into shadows!
The dire elephant closely misses you. You block the dire elephant's attack.
The dire elephant tramples you!!
* * * LOW HITPOINT WARNING * * *
You hold your ground!
The dire elephant barely misses you.
Unknown command.
Unknown command.
The dire elephant tramples you!!
* * * LOW HITPOINT WARNING * * *
You hold your ground!
The dire elephant trunk-slaps you but does no damage.
Your blink frog hits the dire elephant!
Your blink frog blinks! x2
Your water moccasin bites the dire elephant.
Your water moccasin bites the dire elephant!
The dire elephant tramples your water moccasin!
Your water moccasin holds its ground!
The dire elephant closely misses your water moccasin.
The dire elephant tramples your blink frog!
Your blink frog stumbles backwards!
Unknown command.
You swap places.
Your blink frog hits the dire elephant.
Your blink frog blinks!
Your water moccasin bites the dire elephant but does no damage.
Your blink frog blinks!
Your blink frog hits the dire elephant!
The dire elephant closely misses your water moccasin.
The dire elephant trunk-slaps your water moccasin but does no damage.
The dire elephant tramples your blink frog!!
Your blink frog holds its ground!
The dire elephant trunk-slaps your blink frog!
Your blink frog dies!
Your blink frog's corpse dissolves into shadows!
The dire elephant trumpets!
There is a large open door, spattered with blood here.
Unknown command.
You swap places.
Your water moccasin bites the dire elephant but does no damage.
Your blink frog hits the dire elephant.
Your water moccasin barely misses the dire elephant.
The dire elephant barely misses your blink frog. x2
Your water moccasin bites the dire elephant but does no damage. x2
Your blink frog blinks!
The dire elephant tramples your water moccasin.
Your water moccasin holds its ground!
The dire elephant trunk-slaps your water moccasin!
Your water moccasin dies!
Your water moccasin's corpse dissolves into shadows!
Your blink frog barely misses the dire elephant.
Your blink frog hits the dire elephant.
The dire elephant tramples you!!
You die...

##### #####F#.### ###
#.........## .P#
♣......F.§.# ..#
♣8♣##.#..F§@# .#
###'##Y'######### ####
.### *
#8.8#SF..8##.≈≈##...?##
...#
#...#.YY..'..≈≈≈'...[[#
...#
#.#.####P8#.≈≈≈≈'...=}#
.### **
*#+#....####.≈≈≈≈#...?##
..# ,
####....#≈≈≈≈.######*
.P# ####.###≈.###8..##
..## * , ,
#♣♣♣##...#####8.⌠.8#


You could see 3 dire elephants, 4 friendly blink frogs and a friendly water
moccasin.

Vanquished Creatures
  Kirke (Lair:4)
  2 entropy weavers (Lair:4)
  Snorg (Lair:5)
  2 hydras
  4 two-headed ogres
  An anaconda (Lair:6)
  A queen ant (Lair:4)
  Pikel (D:9)
  A manticore (Lair:4)
  15 elephants
  Psyche (D:9)
  3 black mambas
  A rime drake (Lair:6)
  14 spiny frogs
  5 komodo dragons
  A jumping spider (Lair:4)
  4 polar bears (Lair:1)
  6 blink frogs
  7 hippogriffs
  A wraith (D:10)
  17 yaks
  A spriggan (D:7)
  4 hogs (Lair:4)
  2 wyverns
  Grum (D:9)
  A hungry ghost (D:7)
  2 basilisks
  Edmund (D:5)
  12 soldier ants (Lair:4)
  9 water moccasins
  5 porcupines
  3 ice beasts
  A phantom (D:4)
  3 orc warriors
  3 black bears
  6 wolves
  3 ogres
  A necrophage (D:7)
  A centaur (D:7)
  8 crocodiles
  5 bullfrogs
  Blork the orc (D:5)
  A water moccasin zombie (D:5)
  A scorpion (D:2)
  7 killer bees
  3 howler monkeys (D:7)
  7 wights
  An electric eel (Lair:6)
  A bullfrog zombie (D:5)
  A jelly (D:5)
  4 hounds
  6 orc priests
  6 orc wizards
  2 bullfrog skeletons
  30 worker ants
  A hound zombie (D:5)
  A worker ant zombie (D:7)
  12 adders
  10 gnolls
  A howler monkey skeleton (D:4)
  An adder skeleton (D:4)
  2 worms
  A dart slug (D:2)
  8 leopard geckos
  31 orcs
  6 giant cockroaches
  3 goblins
  7 hobgoblins
  4 jackals (D:7)
  4 kobolds
  5 quokkas
  7 bats
  5 frilled lizards
  A jackal skeleton (D:7)
  A leopard gecko skeleton (D:2)
  6 rats (D:2)
  10 bushes (Lair:6)
  5 fungi
  4 plants
368 creatures vanquished.

Vanquished Creatures (collateral kills)
  A death yak (Lair:6)
  An elephant (Lair:6)
  A spiny frog (Lair:6)
  A yak (Lair:5)
  A crocodile (Lair:6)
  A bush (Lair:6)
6 creatures vanquished.

Vanquished Creatures (others)
  2 slaves (D:9)
  A phantom (D:9)
  9 bushes (Lair:6)
  2 fungi
  3 plants
17 creatures vanquished.

Grand Total: 391 creatures vanquished

Notes
Turn   | Place    | Note
-------+----------+-------------------------------------------
     0 | D:1      | dstrtnsr the Deep Dwarf Fighter began the quest for the Orb.
     0 | D:1      | Reached XP level 1. HP: 20/20 MP: 1/1
   219 | D:1      | Reached XP level 2. HP: 25/27 MP: 2/2
   268 | D:2      | Found a glowing golden altar of the Shining One.
   318 | D:2      | Reached XP level 3. HP: 19/34 MP: 3/3
   320 | D:2      | Reached skill level 3 in Axes
   403 | D:2      | Noticed a scorpion
   408 | D:2      | HP: 12/34 [scorpion (5)]
   415 | D:2      | Killed a scorpion
   415 | D:2      | Reached XP level 4. HP: 39/42 MP: 3/3
   577 | D:2      | Reached XP level 5. HP: 42/49 MP: 4/4
   667 | D:3      | Reached skill level 4 in Axes
   766 | D:3      | Found a glowing drain.
   845 | D:3      | HP: 17/49 [orc wizard/magic dart (8)]
   849 | D:3      | Reached XP level 6. HP: 42/56 MP: 5/5
   886 | D:4      | Found a shadowy altar of Dithmenos.
  1010 | D:4      | Reached skill level 5 in Axes
  1525 | D:5      | Entered Level 5 of the Dungeon
  1535 | D:5      | Noticed Edmund
  1558 | D:5      | Killed Edmund
  1558 | D:5      | Reached skill level 5 in Armour
  1558 | D:5      | Reached skill level 5 in Shields
  1558 | D:5      | Reached XP level 7. HP: 35/64 MP: 6/6
  1690 | D:5      | HP: 22/64 [gnoll/halberd (4)]
  1817 | D:5      | Noticed Blork the orc
  1827 | D:5      | Reached skill level 6 in Axes
  1830 | D:5      | Killed Blork the orc
  1926 | D:5      | HP: 23/66 [acid (5)]
  1973 | D:5      | HP: 15/66 [orc priest/divine providence (12)]
  1989 | D:5      | Reached XP level 8. HP: 50/73 MP: 6/6
  2204 | D:5      | Reached skill level 7 in Axes
  2420 | D:6      | Reached skill level 5 in Fighting
  2763 | D:6      | Found a staircase to the Ecumenical Temple.
  2886 | Temple   | Entered the Ecumenical Temple
  3032 | Temple   | Became a worshipper of Makhleb the Destroyer
  3119 | D:7      | Reached skill level 8 in Axes
  3161 | D:7      | Gained mutation: You passively map the area around you. [Deep Dwarf growth]
  3161 | D:7      | Reached XP level 9. HP: 36/81 MP: 7/7
  3169 | D:7      | Noticed a two-headed ogre
  3183 | D:7      | Killed a two-headed ogre
  3183 | D:7      | Reached skill level 9 in Axes
  3271 | D:7      | Reached * piety under Makhleb
  3271 | D:7      | Reached skill level 1 in Invocations
  3398 | D:7      | Found a hazy altar of Hepliaklqana.
  3481 | D:7      | Found Qacutafu's Antique Weapon Shoppe.
  3494 | D:7      | Bought a glowing broad axe for 189 gold pieces
  3567 | D:7      | Found an iron altar of Okawaru.
  3748 | D:8      | Noticed a two-headed ogre
  3753 | D:8      | Noticed a two-headed ogre
  3754 | D:8      | You fall through a shaft!
  3754 | D:9      | Noticed a two-headed ogre
  3772 | D:9      | HP: 21/84 [two-headed ogre/giant spiked club (27)]
  3779 | D:9      | Killed a two-headed ogre
  3779 | D:9      | Reached skill level 10 in Axes
  3779 | D:9      | Reached XP level 10. HP: 42/92 MP: 8/10
  3782 | D:9      | HP: 27/92 [orc priest/divine providence (11)]
  3793 | D:9      | HP: 31/92 [killer bee (6)]
  3874 | D:9      | Noticed Grum
  3884 | D:9      | Noticed Pikel
  3886 | D:9      | HP: 32/92 [Grum/spear of piercing (8)]
  3910 | D:9      | Reached skill level 5 in Invocations
  3916 | D:9      | Killed Grum
  3930 | D:9      | Killed Pikel
  3964 | D:9      | Noticed a two-headed ogre
  3968 | D:9      | Noticed a two-headed ogre
  3982 | D:9      | Killed a two-headed ogre
  3989 | D:9      | Killed a two-headed ogre
  3989 | D:9      | Reached ** piety under Makhleb
  4012 | D:9      | Reached skill level 11 in Axes
  4055 | D:9      | Found a sacrificial altar of Ru.
  4058 | D:9      | Found an ancient bone altar of Kikubaaqudgha.
  4061 | D:9      | Found a basalt altar of Yredelemnul.
  4308 | D:9      | Noticed Psyche
  4315 | D:9      | Killed Psyche
  4679 | D:10     | Entered Level 10 of the Dungeon
  4833 | D:10     | Noticed an elephant
  4833 | D:10     | Found a staircase to the Lair.
  4850 | D:10     | Reached XP level 11. HP: 81/100 MP: 9/9
  4910 | Lair:1   | Entered Level 1 of the Lair of Beasts
  4917 | Lair:1   | HP: 40/100 [komodo dragon (19)]
  4956 | Lair:1   | HP: 39/100 [spiny frog (16)]
  5112 | Lair:1   | HP: 40/100 [polar bear (3)]
  5138 | Lair:1   | HP: 39/100 [elephant (4)]
  5208 | Lair:1   | Reached *** piety under Makhleb
  5356 | Lair:1   | HP: 37/102 [wyvern (8)]
  5362 | Lair:1   | Reached skill level 12 in Axes
  5801 | Lair:2   | HP: 41/103 [yak (11)]
  5802 | Lair:2   | Reached skill level 10 in Invocations
  5863 | Lair:2   | Reached XP level 12. HP: 77/110 MP: 12/12
  6147 | Lair:3   | Noticed a four-headed hydra
  6153 | Lair:3   | HP: 41/111 [seven-headed hydra (4)]
  6169 | Lair:3   | HP: 38/111 [seven-headed hydra (7)]
  6172 | Lair:3   | Killed a seven-headed hydra
  6773 | Lair:4   | Found a staircase to the Shoals.
  6784 | Lair:4   | Reached skill level 10 in Armour
  6843 | Lair:4   | Found a hole to the Spider Nest.
  6856 | Lair:4   | Noticed Kirke
  6862 | Lair:4   | Noticed a sphinx
  6862 | Lair:4   | Reached skill level 13 in Axes
  6871 | Lair:4   | Noticed a sphinx
  6876 | Lair:4   | HP: 37/112 [sphinx[Kirke] (17)]
  6883 | Lair:4   | Killed Kirke
  6883 | Lair:4   | Reached skill level 10 in Shields
  7085 | Lair:4   | Reached **** piety under Makhleb
  7122 | Lair:4   | Noticed a queen ant
  7135 | Lair:4   | Killed a queen ant
  7137 | Lair:4   | Noticed an entropy weaver
  7143 | Lair:4   | HP: 44/112 [poisoned by a queen ant]
  7148 | Lair:4   | HP: 26/112 [poisoned by a queen ant]
  7167 | Lair:4   | HP: 43/112 [entropy weaver (12)]
  7173 | Lair:4   | HP: 41/112 [entropy weaver (11)]
  7174 | Lair:4   | Killed an entropy weaver
  7185 | Lair:4   | Noticed an entropy weaver
  7203 | Lair:4   | HP: 43/112 [entropy weaver (3)]
  7205 | Lair:4   | HP: 13/112 [entropy weaver (9)]
  7205 | Lair:4   | HP: 6/112 [entropy weaver (1)]
  7211 | Lair:4   | Killed an entropy weaver
  7211 | Lair:4   | Reached XP level 13. HP: 84/120 MP: 8/8
  7513 | Lair:5   | Noticed Snorg
  7716 | Lair:5   | Killed Snorg
  8007 | Lair:5   | Found a dark tunnel.
  8036 | Lair:5   | Found the ring of the Mage {Wiz MR++ Int+3}
  8084 | Lair:6   | Entered Level 6 of the Lair of Beasts
  8116 | Lair:6   | HP: 44/121 [elephant (5)]
  8270 | Lair:6   | HP: 44/121 [spiny frog (8)]
  8346 | Lair:6   | Reached skill level 14 in Axes
  8410 | Lair:6   | HP: 42/121 [seven-headed hydra (11)]
  8423 | Lair:6   | HP: 47/121 [poisoned by a black mamba]
  8428 | Lair:6   | HP: 44/121 [poisoned by a black mamba]
  8433 | Lair:6   | HP: 47/121 [poisoned by a spiny frog]
  8487 | Lair:6   | HP: 44/121 [komodo dragon (16)]
  8519 | Lair:6   | Found a staircase to the Slime Pits.
  8660 | Lair:6   | HP: 46/121 [anaconda (3)]
  8671 | Lair:6   | Noticed a dire elephant
  8671 | Lair:6   | Noticed a dire elephant
  8683 | Lair:6   | HP: 41/121 [dire elephant (22)]
  8688 | Lair:6   | Noticed a dire elephant
  8688 | Lair:6   | HP: 45/121 [dire elephant (2)]
  8693 | Lair:6   | HP: 47/121 [dire elephant (3)]
  8694 | Lair:6   | HP: 2/121 [dire elephant (24)]
  8700 | Lair:6   | HP: 42/121 [dire elephant (5)]
  8701 | Lair:6   | HP: 17/121 [dire elephant (7)]
  8707 | Lair:6   | Slain by a dire elephant

Vault maps used:
D:1:      dpeg_arrival_refuge
D:2:      tso_altar
D:3:      portal_sewer_entry_f, uniq_ijyb, uniq_terence,
          uniq_crazy_yiuf_cottage, uniq_jessica
D:4:      lemuel_doored_altar, first_ration
D:5:      uniq_edmund, uniq_blork_the_orc
D:6:      minmay_temple_entry_statues_pillars
D:7:      lemuel_crystal_altar, lemuel_coloured_pillars_altar, serial_shops,
          nicolae_shop_behind_doors, the_bakery, eino_curves_02
D:8:      serial_shops, shop
D:9:      grunt_temple_overflow_diamond, uniq_psyche, uniq_pikel, uniq_grum
D:10:     cheibrodos_two_vegetables, david_lair_generic
Temple:   regret_index_temple_waves
Lair:1:   beast_lair_carwin_large_2, grunt_megastairs_1, lemuel_fruit_tree
Lair:2:   lemuel_fruit_fields
Lair:3:   serial_bayou_shore_b
Lair:4:   minmay_shoals_entry_beasts, spider_nest_entry_rubble,
          serial_bayou_pond_d, zaba_antful_of_joy, uniq_kirke
Lair:5:   minmay_guarded_unrand_snakebite, enter_volcano_1,
          minmay_lair_oklob_chamber, uniq_snorg
Lair:6:   due_jungle_book, minmay_slime_entry_oklob_open, minmay_hedge_maze,
          serial_bayou_pond_c, st_stairs_12

Skill      XL: |  1  2  3  4  5  6  7  8  9 10 11 12 13 |
---------------+----------------------------------------+-----
Fighting       | 3 4 5 6 7 8 9 |  9.3
Axes           | 3 4 5 6 8 10 11 12 13 14 | 14.2
Shields        | 4 5 6 7 8 9 10 | 10.8
Armour         | 4 5 6 7 8 9 10 11 | 11.0
Invocations    | 4 7 10 12 13 | 13.4

Action                   |  1- 3 |  4- 6 |  7- 9 | 10-12 | 13-15 || total
-------------------------+-------+-------+-------+-------+-------++-------
Melee: War axe           |   107 |   230 |   208 |       |       ||   545
       Battleaxe         |       |       |    76 |       |       ||    76
       Broad axe         |       |       |    40 |   563 |   234 ||   837
Invok: Lesser Servant of |       |       |       |     2 |    14 ||    16
 Abil: Heal Wounds       |     2 |     2 |    11 |    29 |    18 ||    62
Evoke: Wand              |       |       |     2 |     8 |     3 ||    13
  Use: Scroll            |       |       |     8 |     4 |    12 ||    24
       Potion            |       |       |       |     3 |     2 ||     5
 Stab: Invisible         |       |       |       |     2 |       ||     2
       Distracted        |       |       |       |       |     4 ||     4
  Eat: Chunk             |       |     3 |    31 |     8 |     5 ||    47
       Ration            |       |       |     1 |       |       ||     1
Armor: Scale mail        |    65 |   100 |   191 |   323 |   102 ||   781
Dodge: Dodged            |    47 |    80 |   173 |   219 |    70 ||   589
Block: Shield            |    73 |   142 |   149 |   448 |   151 ||   963

Table legend:
 A = Spawn XP
 B = Non-spawn XP
 C = Spawn XP percentage of total XP
 D = Spawn monster count
 E = Non-spawn monster count
 F = Spawn count percentage of total count
 G = Total turns spent on level
                    A         B        C        D         E        F      G
               +---------+---------+-------+---------+---------+-------+---------
         Total |       0 |   53632 |   0.0 |       0 |     354 |   0.0 |  8707
               +---------+---------+-------+---------+---------+-------+---------
           D:1 |       0 |      14 |   0.0 |       0 |       8 |   0.0 |   250
           D:2 |       0 |     185 |   0.0 |       0 |      28 |   0.0 |   357
           D:3 |       0 |     185 |   0.0 |       0 |      23 |   0.0 |   241
           D:4 |       0 |     294 |   0.0 |       0 |      17 |   0.0 |   677
           D:5 |       0 |    1025 |   0.0 |       0 |      32 |   0.0 |   884
           D:6 |       0 |     589 |   0.0 |       0 |      12 |   0.0 |   518
           D:7 |       0 |    2592 |   0.0 |       0 |      30 |   0.0 |   610
           D:8 |       0 |     135 |   0.0 |       0 |       2 |   0.0 |    37
           D:9 |       0 |    5515 |   0.0 |       0 |      36 |   0.0 |   950
          D:10 |       0 |    1657 |   0.0 |       0 |      14 |   0.0 |   206
        Lair:1 |       0 |    6808 |   0.0 |       0 |      24 |   0.0 |   882
        Lair:2 |       0 |    4672 |   0.0 |       0 |      17 |   0.0 |   252
        Lair:3 |       0 |    3524 |   0.0 |       0 |      16 |   0.0 |   704
        Lair:4 |       0 |   12708 |   0.0 |       0 |      53 |   0.0 |   920
        Lair:5 |       0 |    2422 |   0.0 |       0 |      10 |   0.0 |   416
        Lair:6 |       0 |   11307 |   0.0 |       0 |      32 |   0.0 |   623
               +---------+---------+-------+---------+---------+-------+---------
